 Dungeon Crawl Stone Soup version 0.25-a0-667-gb977e01cb5 (webtiles) character file.

Game seed: 7788351415742804638, levelgen mode: deterministic

90 DasRunzen the Ducker (level 4, 0/37 HPs)
             Began as a Demigod Gladiator on Mar 27, 2020.
             Succumbed to an orc priest's poison
             ... on level 3 of the Dungeon.
             The game lasted 00:03:30 (1201 turns).

DasRunzen the Ducker (Demigod Gladiator)            Turns: 1201, Time: 00:03:31

Health: 0/37       AC:  5    Str: 17    XL:     4   Next: 11%
Magic:  8/8        EV: 13    Int: 14    God:
Gold:   98         SH:  0    Dex: 17    Spells: 5/5 levels left

rFire    . . .     SeeInvis .   a - +2 trident
rCold    . . .     Gourm    .   (no shield)
rNeg     . . .     Faith    .   b - +0 leather armour
rPois    .         Spirit   .   c - +0 helmet
rElec    .         Reflect  .   (no cloak)
rCorr    .         Harm     .   g - +0 pair of gloves
MR       .....                  (no boots)
Stlth    +.........             (no amulet)
HPRegen  0.12/turn              (no ring)
MPRegen  0.11/turn              (no ring)

@: lethally poisoned (0 -> -9)
A: high mp 1
a: no special abilities


You were on level 3 of the Dungeon.
You were very hungry.

You visited 1 branch of the dungeon, and saw 3 of its levels.

You collected 98 gold pieces.

Inventory:

Hand Weapons
 a - a +2 trident (weapon)
Missiles
 d - 3 throwing nets (quivered)
Armour
 b - a +0 leather armour (worn)
 c - a +0 helmet (worn)
 g - a +0 pair of gloves (worn)
Jewellery
 p - an uncursed ring of fire
Wands
 k - a wand of iceblast (8)
 o - a wand of disintegration (11)
Scrolls
 e - 2 scrolls of magic mapping {unknown}
 i - 2 scrolls of remove curse
 j - a scroll of teleportation
 q - a scroll of amnesia {unknown}
 r - a scroll of enchant armour {unknown}
Potions
 h - 2 potions of curing
 l - a potion of degeneration {unknown}
 m - a potion of cancellation
 n - a potion of resistance {unknown}
Comestibles
 f - 5 rations


   Skills:
 + Level 2.3 Fighting
 + Level 3.2 Polearms
 - Level 1.7 Throwing
 + Level 1.4 Armour
 + Level 3.2 Dodging
 + Level 1.2 Spellcasting


You had 5 spell levels left.
You didn't know any spells.
Your spell library was empty.

Dungeon Overview and Level Annotations

Branches:
Dungeon (3/15)


Innate Abilities, Weirdness & Mutations

You have an increased reservoir of magic. (+10% MP)


Message History

Beogh smites you! The orc hits you with a +0 short sword.
You puncture the orc!
You kill the orc!
You hit the orc.
The orc is lightly wounded.
The orc closely misses you.
The orc priest hits you from afar with a +2 trident of venom.
You are poisoned.
You are too injured to fight recklessly!
You are too injured to fight recklessly!
You are too injured to fight recklessly!
You hit the orc.
The orc is almost dead.
You feel sick. The orc hits you but does no damage.
The orc priest calls down the wrath of Beogh upon you.
Beogh smites you!
* * * LOW HITPOINT WARNING * * *
You hit the orc but do no damage.
The orc is almost dead.
You die...

#. ####.# ### ...... #.#
#####.#.. ......###
#.####.....[..
.....<...## #..#...#
.......#..# #....###
......o##.####...##
............###..##
............oo@...###
..[.....#.#.####....#####
.# ........#....#
#.........(. .
......####.#.####.#.####
.#.#.# #####.
#.....##.#.#####.#.... $.
###........##.....#.[ ###
###..............##
#................#
#...(............#


You could see an orc priest and an orc.

Vanquished Creatures
  2 adders
  An ooze (D:2)
  2 worms (D:2)
  2 dart slugs
  A leopard gecko (D:2)
  3 orcs (D:3)
  3 ball pythons
  2 giant cockroaches
  8 goblins
  6 hobgoblins
  5 jackals
  6 kobolds
  3 bats
  3 frilled lizards
  5 rats
52 creatures vanquished.

Notes
Turn   | Place    | Note
-------+----------+-------------------------------------------
     0 | D:1      | DasRunzen the Demigod Gladiator began the quest for the
                  | Orb.
     0 | D:1      | Reached XP level 1. HP: 17/17 MP: 3/3
   103 | D:1      | Reached XP level 2. HP: 11/24 MP: 4/4
   653 | D:2      | Reached skill level 1 in Armour
   653 | D:2      | Reached XP level 3. HP: 28/29 MP: 6/6
   735 | D:2      | Reached skill level 1 in Spellcasting
  1126 | D:3      | Reached XP level 4. HP: 32/36 MP: 8/8
  1200 | D:3      | HP: 1/37 [orc priest/divine providence (14)]
  1201 | D:3      | Succumbed to an orc priest's poison

Levels and vault maps discovered:
D:1:      roderic_crossed_star, layout_rooms
D:2:      layout_rooms, serial_glass, glass_columns_b, glass_columns_b,
          glass_columns_a, glass_columns_a, glass_columns_a, glass_columns_a,
          minmay_strange_pillars, first_ration
D:3:      layout_rooms

Skill      XL: |  1  2  3 |
---------------+----------+-----
Fighting       | 2 |  2.3
Polearms       | 3 |  3.2
Dodging        | 3 |  3.2
Armour         | 1 |  1.4
Spellcasting   | 1 |  1.2
Throwing       | |  1.7

Action                   |  1- 3 |  4- 6 || total
-------------------------+-------+-------++-------
Melee: Trident           |   145 |    19 ||   164
  Use: Scroll            |     9 |       ||     9
 Stab: Distracted        |     1 |       ||     1
       Sleeping          |     1 |     1 ||     2
Armor: Leather armour    |    35 |     4 ||    39
Dodge: Dodged            |    90 |     5 ||    95

Table legend:
 A = Non-vault XP
 B = Vault XP
 C = Vault XP percentage of total XP
 D = Non-vault monster count
 E = Vault monster count
 F = Vault count percentage of total count
                 A         B        C        D         E       F
            +---------+---------+-------+---------+---------+-------
      Total |     129 |       0 |   0.0 |      52 |       0 |   0.0
            +---------+---------+-------+---------+---------+-------
        D:1 |      39 |       0 |   0.0 |      21 |       0 |   0.0
        D:2 |      61 |       0 |   0.0 |      22 |       0 |   0.0
        D:3 |      29 |       0 |   0.0 |       9 |       0 |   0.0
            +---------+---------+-------+---------+---------+-------
